Reign vs Punishers
Created - January 6, 2023 at 10:12
Goals
|
| Reign |
1 |
2 |
2 |
5 |
| Punishers |
0 |
1 |
2 |
3 |
|
Shots
|
| Reign |
8 |
7 |
15 |
30 |
| Punishers |
10 |
6 |
16 |
32 |
|
1st period
1. Reign , Pavel Zacha 10 (Roope Hintz 15, Cayden Primeau) at 5:18
Penalties :
Thomas Chabot (Ont) for Holding (Minor) at 11:37
2nd period
2. Reign , Thomas Chabot 9 (Darroll Powe 14) at 0:04
3. Punishers , John Hayden 2 (Oskar Lindblom 9, Corey Tropp 15) at 9:47
4. Reign , Nick Suzuki 9 (Tomas Jurco 10, Michael Anderson 3) at 12:41
Penalties :
Tanner Jeannot (Pro) for Holding (Minor) at 3:04, Jakob Chychrun (Ont) for Hooking (Minor) at 6:42, Corey Tropp (Pro) for Hooking (Minor) at 6:47, J.T. Brown (Ont) for Interference (Minor) at 10:23
3rd period
5. Punishers , Corey Tropp 16 (Radek Faksa 29) at 3:59
6. Reign , Pavel Zacha 11 (Thomas Chabot 17, Nick Suzuki 13) at 5:55 (PP)
7. Reign , Christian Dvorak 9 (Darroll Powe 15, Patrik Laine 8) at 8:48
8. Punishers , Radek Faksa 9 (Corey Tropp 16) at 9:07
Penalties :
Corey Tropp (Pro) for Holding (Minor) at 5:40, Nick Suzuki (Ont) for Tripping (Minor) at 6:15, Tomas Jurco (Ont) for Slashing (Minor) at 16:23, John Hayden (Pro) for Roughing (Minor) at 19:22
Goalie Stats
Cayden Primeau (Ont), 29 saves from 32 shots - (0.906), W, 1-1-0, 60:00 minutes
Daniel Altshuller (Pro), 16 saves from 21 shots - (0.762), L, 1-7-1, 48:48 minutes
Louis Domingue (Pro), 9 saves from 9 shots - (1.000), 11:12 minutes
Players Stats for Reign
Player Name G A P +/- PIM S H SB GA TA FO MP PP MP PK MP
------------------------------------------------------------------------------------
Caleb Jones 0 0 0 2 0 1 0 0 0 2 0/0 4:53 0:00 0:00
Charlie McAvoy 0 0 0 0 0 0 1 4 0 0 0/0 23:12 1:08 3:48
Christian Dvorak 1 0 1 2 0 2 1 0 0 0 1/1 13:15 1:03 1:32
Darroll Powe 0 2 2 2 0 1 0 1 0 0 4/6 14:00 0:00 2:40
Dylan Blujus 0 0 0 0 0 1 3 2 0 1 0/0 20:16 0:00 3:48
Henri Jokiharju 0 0 0 -1 0 0 0 3 0 1 0/0 14:48 0:00 4:13
J.T. Brown 0 0 0 0 2 2 3 0 1 1 1/1 14:58 0:00 3:21
Jakob Chychrun 0 0 0 -1 2 1 2 1 2 1 0/0 17:21 1:53 0:00
Jason Robertson 0 0 0 0 0 2 4 1 2 0 0/1 12:08 1:01 0:00
Joel Eriksson Ek 0 0 0 0 0 0 0 0 0 1 11/21 15:56 0:00 4:23
Josh Anderson 0 0 0 1 0 2 0 0 0 0 0/0 11:02 0:00 1:59
Matthew Tkachuk 0 0 0 -2 0 2 0 1 0 1 0/1 18:49 1:55 0:00
Michael Anderson 0 1 1 2 0 0 0 0 0 0 0/0 4:53 0:00 0:00
Nick Suzuki 1 1 2 1 2 4 1 0 0 0 3/11 10:48 1:50 0:00
Nicolas Hague 0 0 0 -1 0 0 1 4 0 1 0/0 15:39 0:00 4:13
Patrik Laine 0 1 1 2 0 0 1 0 0 0 1/1 11:12 1:01 0:00
Pavel Zacha 2 0 2 -1 0 2 0 0 0 0 7/17 18:45 1:50 0:41
Roope Hintz 0 1 1 -2 0 3 2 0 1 1 1/4 18:03 1:06 0:00
Thomas Chabot 1 1 2 0 2 3 0 1 0 0 0/0 18:37 1:53 0:00
Tomas Jurco 0 1 1 1 2 4 0 0 0 1 0/0 11:25 0:00 1:26
Trevor Moore 0 0 0 0 0 0 0 0 0 0 0/0 0:00 0:00 0:00
Players Stats for Punishers
Player Name G A P +/- PIM S H SB GA TA FO MP PP MP PK MP
------------------------------------------------------------------------------------
Alexander Nylander 0 0 0 0 0 0 0 0 0 0 0/0 0:37 0:00 0:00
Anton Blidh 0 0 0 -1 0 2 2 0 0 0 2/2 18:29 3:58 0:22
Austen Brassard 0 0 0 0 0 0 0 0 1 0 0/1 12:03 0:00 0:05
Ben Betker 0 0 0 0 0 2 3 1 1 1 0/0 28:49 3:44 1:56
Ben Meyers 0 0 0 0 0 0 1 0 0 0 0/0 1:22 0:00 0:37
Carson Meyer 0 0 0 -1 0 0 0 0 0 0 0/0 5:58 0:00 0:00
Carter Ashton 0 0 0 -1 0 2 2 0 0 0 0/0 18:03 3:58 0:37
Connor Clifton 0 0 0 -1 0 1 1 2 2 0 0/0 20:33 4:17 0:55
Corey Tropp 1 2 3 2 4 6 5 0 0 0 0/0 22:24 4:02 1:37
Fredrik Claesson 0 0 0 -1 0 1 2 2 0 1 0/0 20:33 4:17 0:55
John Hayden 1 0 1 -1 2 1 2 0 1 0 2/3 14:17 0:00 0:05
John Quenneville 0 0 0 -1 0 5 2 0 0 0 6/13 18:03 3:58 0:37
Kevin Roy 0 0 0 -1 0 2 1 1 0 0 2/5 10:57 0:00 0:00
Nicolas Roy 0 0 0 0 0 0 0 0 1 0 0/0 3:03 0:00 0:00
Niko Mikkola 0 0 0 0 0 0 0 0 0 0 0/0 10:38 0:00 0:05
Noah Juulsen 0 0 0 0 0 1 3 2 1 1 0/0 28:49 3:44 1:56
Oskar Lindblom 0 1 1 0 0 1 0 0 0 0 0/0 12:06 0:00 0:05
Phillip Danault 0 0 0 1 0 3 5 0 1 1 0/1 19:48 4:03 0:00
Radek Faksa 1 1 2 1 0 5 0 1 3 1 23/39 22:37 4:03 1:52
Tanner Jeannot 0 0 0 -1 2 0 0 0 0 1 0/0 5:57 0:00 0:00
3 Stars
1 - Corey Tropp (Pro)
2 - Pavel Zacha (Ont)
3 - Christian Dvorak (Ont)
Power Play
Reign - 1 on 4 Attempt(s) - 25.00%
Punishers - 0 on 5 Attempt(s) - 0.00%
Penalty Kill
Reign - 5 on 5 Attempt(s) - 100.00%
- Score 0 goal in Penalty Kill
Punishers - 3 on 4 Attempt(s) - 75.00%
- Score 0 goal in Penalty Kill
Team Stat
Reign - Hits : 19 - Faceoff Wins : 29 - Blocked Shots : 18 - Penalty Minutes : 10
Punishers - Hits : 29 - Faceoff Wins : 35 - Blocked Shots : 9 - Penalty Minutes : 8
Official
Referees : Tom Chmielewski and Brandon Schrader
Linesman : Greg Devorski and Kyle Flemington
Game Notes
Louis Domingue enters game at 8:48 of 3rd period
Finance
Level 1 -- Attendance: 1327 (66.35%) -- Ticket Income $53,080
Level 2 -- Attendance: 611 (61.10%) -- Ticket Income $12,220
Total Attendance: 1938 (64.60%)
Total Ticket Income: $65,300
Other Income: $3,265
Total Income: $68,565
Reign
5 vs 5 Forward
Center Left Wing Right Wing Time % Phy DF OF
1 Pavel Zacha Roope Hintz Matthew Tkachuk 30 1 2 2
2 Darroll Powe Christian Dvorak Patrik Laine 25 1 2 2
3 Joel Eriksson Ek Jason Robertson J.T. Brown 25 1 2 2
4 Nick Suzuki Tomas Jurco Josh Anderson 20 1 2 2
5 vs 5 Defense
Defense Defense Time % Phy DF OF
1 Charlie McAvoy Thomas Chabot 35 0 2 3
2 Dylan Blujus Jakob Chychrun 35 0 2 3
3 Henri Jokiharju Nicolas Hague 20 1 3 1
4 Michael Anderson Caleb Jones 10 1 3 1
PowerPlay Forward
Center Left Wing Right Wing Time % Phy DF OF
1 Nick Suzuki Pavel Zacha Matthew Tkachuk 55 1 2 2
2 Roope Hintz Jason Robertson Patrik Laine 45 1 2 2
PowerPlay Defense
Defense Defense Time % Phy DF OF
1 Thomas Chabot Jakob Chychrun 55 1 2 2
2 Christian Dvorak Charlie McAvoy 45 1 2 2
Penalty Kill 4 Players Forward
Center Wing Time % Phy DF OF
1 Joel Eriksson Ek J.T. Brown 60 1 2 2
2 Darroll Powe Josh Anderson 40 1 2 2
Penalty Kill 4 Players Defense
Defense Defense Time % Phy DF OF
1 Henri Jokiharju Nicolas Hague 60 1 2 2
2 Dylan Blujus Charlie McAvoy 40 1 2 2
Penalty Kill - 3 Players Forward
Forward Time % Phy DF OF
1 Darroll Powe 60 1 2 2
2 Joel Eriksson Ek 40 1 2 2
Penalty Kill - 3 Players Defense
Defense Defense Time % Phy DF OF
1 Nicolas Hague Henri Jokiharju 60 1 2 2
2 Charlie McAvoy Dylan Blujus 40 1 2 2
4 vs 4 Forward
Center Wing Time % Phy DF OF
1 Pavel Zacha Tomas Jurco 60 1 2 2
2 Roope Hintz Matthew Tkachuk 40 1 2 2
4 vs 4 Defense
Defense Defense Time % Phy DF OF
1 Charlie McAvoy Thomas Chabot 60 1 2 2
2 Jakob Chychrun Dylan Blujus 40 1 2 2
Last Minutes Offensive
Center Left Wing Right Wing Defense Defense
Pavel Zacha Roope Hintz Matthew Tkachuk Jakob Chychrun Thomas Chabot
Last Minutes Defensive
Center Left Wing Right Wing Defense Defense
Joel Eriksson Ek Roope Hintz Matthew Tkachuk Charlie McAvoy Nicolas Hague
Goaltenders
Starting : Cayden Primeau
Backup : Ilya Samsonov
Extra Forwards
Normal : Nick Suzuki, Darroll Powe, Joel Eriksson Ek - PP : Darroll Powe, J.T. Brown - PK : Tomas Jurco
Extra Defensemen
Normal : Jakob Chychrun, Nicolas Hague, Henri Jokiharju - PP : Jakob Chychrun - PK : Thomas Chabot, Jakob Chychrun
Penalty Shots
Nick Suzuki, Pavel Zacha, Darroll Powe, Patrik Laine, Joel Eriksson Ek
Scratches
Brett Kulak (Broken Ribs Injury), Vladimir Tkachev (Healthy), Brandon Biro (Healthy), Tom Kuhnhackl (Healthy), Austin Czarnik (Healthy)
Cal Petersen (Healthy)
Punishers
5 vs 5 Forward
Center Left Wing Right Wing Time % Phy DF OF
1 Radek Faksa Phillip Danault Corey Tropp 40 1 2 2
2 John Quenneville Anton Blidh Carter Ashton 30 1 2 2
3 Kevin Roy Oskar Lindblom Austen Brassard 20 1 2 2
4 John Hayden Tanner Jeannot Carson Meyer 10 1 2 2
5 vs 5 Defense
Defense Defense Time % Phy DF OF
1 Ben Betker Noah Juulsen 40 1 2 2
2 Fredrik Claesson Connor Clifton 30 1 2 2
3 Niko Mikkola John Hayden 20 1 2 2
4 Ben Betker Noah Juulsen 10 1 2 2
PowerPlay Forward
Center Left Wing Right Wing Time % Phy DF OF
1 Radek Faksa Phillip Danault Corey Tropp 60 1 2 2
2 John Quenneville Anton Blidh Carter Ashton 40 1 2 2
PowerPlay Defense
Defense Defense Time % Phy DF OF
1 Ben Betker Noah Juulsen 60 1 2 2
2 Fredrik Claesson Connor Clifton 40 1 2 2
Penalty Kill 4 Players Forward
Center Wing Time % Phy DF OF
1 Radek Faksa Corey Tropp 60 1 2 2
2 John Quenneville Carter Ashton 40 1 2 2
Penalty Kill 4 Players Defense
Defense Defense Time % Phy DF OF
1 Ben Betker Noah Juulsen 60 1 2 2
2 Fredrik Claesson Connor Clifton 40 1 2 2
Penalty Kill - 3 Players Forward
Forward Time % Phy DF OF
1 Radek Faksa 60 1 2 2
2 Corey Tropp 40 1 2 2
Penalty Kill - 3 Players Defense
Defense Defense Time % Phy DF OF
1 Ben Betker Noah Juulsen 60 1 2 2
2 Fredrik Claesson Connor Clifton 40 1 2 2
4 vs 4 Forward
Center Wing Time % Phy DF OF
1 Radek Faksa Corey Tropp 60 1 2 2
2 John Quenneville Carter Ashton 40 1 2 2
4 vs 4 Defense
Defense Defense Time % Phy DF OF
1 Ben Betker Noah Juulsen 60 1 2 2
2 Fredrik Claesson Connor Clifton 40 1 2 2
Last Minutes Offensive
Center Left Wing Right Wing Defense Defense
Radek Faksa Phillip Danault Corey Tropp Ben Betker Noah Juulsen
Last Minutes Defensive
Center Left Wing Right Wing Defense Defense
Radek Faksa Phillip Danault Corey Tropp Ben Betker Noah Juulsen
Goaltenders
Starting : Daniel Altshuller
Backup : Louis Domingue
Extra Forwards
Normal : Nicolas Roy, Alexander Nylander, Ben Meyers - PP : Nicolas Roy, Alexander Nylander - PK : Ben Meyers
Extra Defensemen
Normal : Niko Mikkola, Fredrik Claesson, Connor Clifton - PP : Niko Mikkola - PK : Fredrik Claesson, Connor Clifton
Penalty Shots
Radek Faksa, Corey Tropp, John Quenneville, Carter Ashton, Phillip Danault
Scratches
Daniel Audette (Healthy), Kole Lind (Healthy), Artem Zub (Herniated Disc Injury), Beck Malenstyn (Healthy)
% Time on Ice - Reign
Lines # - Real PCT - Wanted PCT - Time Play
Normal Forward
1 - 33% - 30% - 15:26
2 - 24% - 25% - 11:27
3 - 24% - 25% - 11:28
4 - 19% - 20% - 8:48
Normal Defense
1 - 34% - 35% - 15:58
2 - 34% - 35% - 16:04
3 - 22% - 20% - 10:14
4 - 10% - 10% - 4:53
PP Forward
1 - 63% - 55% - 1:50
2 - 38% - 45% - 1:06
PP Defense
1 - 64% - 55% - 1:53
2 - 36% - 45% - 1:03
PK Forward
1 - 75% - 60% - 6:02
2 - 25% - 40% - 1:59
PK Defense
1 - 53% - 60% - 4:13
2 - 47% - 40% - 3:48
PK3 Forward
1 - 0% - 60%
2 - 0% - 40%
PK3 Defense
1 - 0% - 60%
2 - 0% - 40%
44 Forward
1 - 68% - 60% - 1:17
2 - 32% - 40% - 0:37
44 Defense
1 - 55% - 60% - 1:03
2 - 45% - 40% - 0:51
Last Minute Offensive - 0:00
Last Minute Defensive - 0:00
Total
Forward - 60:00
Defense - 60:00
|
% Time on Ice - Punishers
Lines # - Real PCT - Wanted PCT - Time Play
Normal Forward
1 - 36% - 40% - 16:46
2 - 29% - 30% - 13:28
3 - 23% - 20% - 10:57
4 - 13% - 10% - 5:58
Normal Defense
1 - 42% - 40% - 19:48
2 - 31% - 30% - 14:34
3 - 20% - 20% - 9:32
4 - 7% - 10% - 3:15
PP Forward
1 - 51% - 60% - 4:03
2 - 49% - 40% - 3:58
PP Defense
1 - 47% - 60% - 3:44
2 - 53% - 40% - 4:17
PK Forward
1 - 79% - 60% - 2:19
2 - 21% - 40% - 0:37
PK Defense
1 - 69% - 60% - 2:01
2 - 31% - 40% - 0:55
PK3 Forward
1 - 0% - 60%
2 - 0% - 40%
PK3 Defense
1 - 0% - 60%
2 - 0% - 40%
44 Forward
1 - 100% - 60% - 1:54
2 - 0% - 40% - 0:00
44 Defense
1 - 59% - 60% - 1:07
2 - 41% - 40% - 0:47
Last Minute Offensive - 0:00
Last Minute Defensive - 0:00
Total
Forward - 60:00
Defense - 60:00
|
Play-by-Play
1st period
0:01 of 1st period - Radek Faksa wins face-off versus Pavel Zacha in neutral zone.
0:06 of 1st period - Slapshot by Corey Tropp.
0:06 of 1st period - Shot Blocked by Thomas Chabot.
0:35 of 1st period - Snap shot by John Quenneville.
0:35 of 1st period - Shot Misses the Net.
1:07 of 1st period - Nick Suzuki is hit by Fredrik Claesson and loses puck.
1:49 of 1st period - Snap shot by Corey Tropp.
1:49 of 1st period - Shot Misses the Net.
2:07 of 1st period - Carter Ashton is hit by Christian Dvorak and loses puck.
2:53 of 1st period - Snap shot by Christian Dvorak.
2:53 of 1st period - Stopped by Daniel Altshuller without a rebound.
2:54 of 1st period - Radek Faksa wins face-off versus Joel Eriksson Ek in Punishers zone.
2:54 of 1st period - Radek Faksa is hit by Jason Robertson.
3:32 of 1st period - Wrist shot by Radek Faksa.
3:32 of 1st period - Shot Misses the Net.
3:34 of 1st period - Slapshot by Fredrik Claesson.
3:34 of 1st period - Deflect By Matthew Tkachuk.
3:34 of 1st period - Stopped by Cayden Primeau without a rebound.
3:35 of 1st period - Nick Suzuki wins face-off versus Kevin Roy in Reign zone.
3:44 of 1st period - Snap shot by Tomas Jurco.
3:44 of 1st period - Stopped by Daniel Altshuller with a rebound.
4:17 of 1st period - Icing by Noah Juulsen.
4:18 of 1st period - John Hayden wins face-off versus Pavel Zacha in Punishers zone.
4:23 of 1st period - Snap shot by Radek Faksa.
4:23 of 1st period - Shot Misses the Net.
4:25 of 1st period - Snap shot by Radek Faksa.
4:25 of 1st period - Stopped by Cayden Primeau without a rebound.
4:26 of 1st period - Nick Suzuki wins face-off versus Radek Faksa in Reign zone.
5:18 of 1st period - Wrist shot by Pavel Zacha.
5:18 of 1st period - Goal by Pavel Zacha - Reign : 1 - Punishers : 0.
5:19 of 1st period - Joel Eriksson Ek wins face-off versus Radek Faksa in neutral zone.
5:31 of 1st period - Off-side.
5:32 of 1st period - John Quenneville wins face-off versus Nick Suzuki in neutral zone.
5:41 of 1st period - Wrist shot by Anton Blidh.
5:41 of 1st period - Stopped by Cayden Primeau with a rebound.
5:43 of 1st period - Slapshot by Carter Ashton.
5:43 of 1st period - Shot Blocked by Dylan Blujus.
5:59 of 1st period - Phillip Danault is hit by Jason Robertson and loses puck.
6:12 of 1st period - J.T. Brown is hit by Corey Tropp and loses puck.
6:51 of 1st period - Thomas Chabot is hit by Noah Juulsen and loses puck.
7:19 of 1st period - Slapshot by Nick Suzuki.
7:19 of 1st period - Stopped by Daniel Altshuller with a rebound.
7:29 of 1st period - Joel Eriksson Ek is hit by Phillip Danault and loses puck.
7:54 of 1st period - Snap shot by Austen Brassard.
7:54 of 1st period - Shot Misses the Net.
8:26 of 1st period - Slapshot by Pavel Zacha.
8:26 of 1st period - Shot Blocked by Fredrik Claesson.
8:28 of 1st period - Snap shot by Roope Hintz.
8:28 of 1st period - Stopped by Daniel Altshuller with a rebound.
8:30 of 1st period - Snap shot by Caleb Jones.
8:30 of 1st period - Shot Blocked by Fredrik Claesson.
8:32 of 1st period - Wrist shot by Caleb Jones.
8:32 of 1st period - Stopped by Daniel Altshuller with a rebound.
8:34 of 1st period - Snap shot by Roope Hintz.
8:34 of 1st period - Shot Blocked by Connor Clifton.
8:36 of 1st period - Snap shot by Roope Hintz.
8:36 of 1st period - Stopped by Daniel Altshuller without a rebound.
8:37 of 1st period - Darroll Powe wins face-off versus Radek Faksa in Punishers zone.
8:47 of 1st period - Off-side.
8:48 of 1st period - Radek Faksa wins face-off versus Joel Eriksson Ek in neutral zone.
8:53 of 1st period - Joel Eriksson Ek is hit by Corey Tropp and loses puck.
9:14 of 1st period - Kevin Roy is hit by Jakob Chychrun and loses puck.
9:43 of 1st period - Snap shot by Josh Anderson.
9:43 of 1st period - Shot Misses the Net.
10:49 of 1st period - Slapshot by Joel Eriksson Ek.
10:49 of 1st period - Shot Misses the Net.
10:51 of 1st period - Slapshot by Jakob Chychrun.
10:51 of 1st period - Deflect By J.T. Brown.
10:51 of 1st period - Stopped by Daniel Altshuller with a rebound.
11:05 of 1st period - Wrist shot by John Quenneville.
11:05 of 1st period - Stopped by Cayden Primeau with a rebound.
11:31 of 1st period - Snap shot by Phillip Danault.
11:31 of 1st period - Stopped by Cayden Primeau with a rebound.
11:37 of 1st period - Minor Penalty to Thomas Chabot for Holding.
11:38 of 1st period - Radek Faksa wins face-off versus Joel Eriksson Ek in Reign zone.
13:19 of 1st period - Wrist shot by Corey Tropp.
13:19 of 1st period - Stopped by Cayden Primeau without a rebound.
13:20 of 1st period - Darroll Powe wins face-off versus Radek Faksa in Reign zone.
13:37 of 1st period - Penalty to Thomas Chabot is over, Thomas Chabot is back on ice.
13:49 of 1st period - Snap shot by Kevin Roy.
13:49 of 1st period - Stopped by Cayden Primeau with a rebound.
14:25 of 1st period - Josh Anderson is hit by Corey Tropp and loses puck.
14:44 of 1st period - Noah Juulsen is hit by Patrik Laine and loses puck.
15:14 of 1st period - Matthew Tkachuk is hit by Kevin Roy and loses puck.
15:39 of 1st period - Anton Blidh is hit by J.T. Brown and loses puck.
16:45 of 1st period - John Quenneville is hit by Charlie McAvoy.
18:24 of 1st period - Slapshot by Noah Juulsen.
18:24 of 1st period - Shot Blocked by Nicolas Hague.
18:26 of 1st period - Snap shot by Tanner Jeannot.
18:26 of 1st period - Shot Blocked by Henri Jokiharju.
18:28 of 1st period - Slapshot by Ben Betker.
18:28 of 1st period - Shot Blocked by Nicolas Hague.
19:08 of 1st period - Icing by Roope Hintz.
19:09 of 1st period - Pavel Zacha wins face-off versus John Quenneville in Reign zone.
19:13 of 1st period - Off-side.
19:14 of 1st period - Radek Faksa wins face-off versus Joel Eriksson Ek in neutral zone.
19:41 of 1st period - Pavel Zacha is hit by Anton Blidh and loses puck.
19:46 of 1st period - Wrist shot by John Quenneville.
19:46 of 1st period - Stopped by Cayden Primeau with a rebound.
19:48 of 1st period - Snap shot by Carter Ashton.
19:48 of 1st period - Deflect By Thomas Chabot.
19:48 of 1st period - Stopped by Cayden Primeau without a rebound.
19:49 of 1st period - Anton Blidh wins face-off versus Joel Eriksson Ek in Reign zone.
19:52 of 1st period - Wrist shot by Anton Blidh.
19:52 of 1st period - Stopped by Cayden Primeau without a rebound.
19:53 of 1st period - John Quenneville wins face-off versus Joel Eriksson Ek in Reign zone.
Goals for this period are 1 for Reign vs 0 for Punishers.
Shots for this period are 8 for Reign vs 10 for Punishers.
2nd period
0:01 of 2nd period - Darroll Powe wins face-off versus Radek Faksa in neutral zone.
0:04 of 2nd period - Slapshot by Thomas Chabot.
0:04 of 2nd period - Goal by Thomas Chabot - Reign : 2 - Punishers : 0.
0:05 of 2nd period - J.T. Brown wins face-off versus Radek Faksa in neutral zone.
0:08 of 2nd period - Joel Eriksson Ek is hit by Phillip Danault and loses puck.
0:17 of 2nd period - Wrist shot by J.T. Brown.
0:17 of 2nd period - Shot Misses the Net.
0:19 of 2nd period - Snap shot by J.T. Brown.
0:19 of 2nd period - Stopped by Daniel Altshuller without a rebound.
0:20 of 2nd period - Christian Dvorak wins face-off versus John Quenneville in Punishers zone.
0:23 of 2nd period - Backhand shot by Darroll Powe.
0:23 of 2nd period - Shot Blocked by Noah Juulsen.
0:45 of 2nd period - Radek Faksa is hit by Roope Hintz and loses puck.
0:50 of 2nd period - Snap shot by Matthew Tkachuk.
0:50 of 2nd period - Shot Misses the Net.
1:16 of 2nd period - Snap shot by Tomas Jurco.
1:16 of 2nd period - Shot Blocked by Connor Clifton.
1:18 of 2nd period - Snap shot by Josh Anderson.
1:18 of 2nd period - Stopped by Daniel Altshuller without a rebound.
1:19 of 2nd period - Radek Faksa wins face-off versus Jason Robertson in Punishers zone.
1:24 of 2nd period - J.T. Brown is hit by John Hayden and loses puck.
1:33 of 2nd period - Slapshot by Corey Tropp.
1:33 of 2nd period - Shot Misses the Net.
1:35 of 2nd period - Snap shot by Phillip Danault.
1:35 of 2nd period - Stopped by Cayden Primeau with a rebound.
2:58 of 2nd period - Snap shot by Jason Robertson.
2:58 of 2nd period - Stopped by Daniel Altshuller with a rebound.
3:04 of 2nd period - Minor Penalty to Tanner Jeannot for Holding.
3:05 of 2nd period - Radek Faksa wins face-off versus Nick Suzuki in Punishers zone.
3:30 of 2nd period - Corey Tropp is hit by Jason Robertson and loses puck.
4:13 of 2nd period - Slapshot by Connor Clifton.
4:13 of 2nd period - Stopped by Cayden Primeau with a rebound.
4:56 of 2nd period - Pavel Zacha is hit by Carter Ashton and loses puck.
5:04 of 2nd period - Penalty to Tanner Jeannot is over, Tanner Jeannot is back on ice.
5:17 of 2nd period - Niko Mikkola is hit by J.T. Brown.
5:40 of 2nd period - Snap shot by Carter Ashton.
5:40 of 2nd period - Shot Misses the Net.
6:06 of 2nd period - Caleb Jones is hit by Corey Tropp and loses puck.
6:21 of 2nd period - Snap shot by Connor Clifton.
6:21 of 2nd period - Shot Blocked by Darroll Powe.
6:42 of 2nd period - Minor Penalty to Jakob Chychrun for Hooking.
6:43 of 2nd period - Joel Eriksson Ek wins face-off versus Radek Faksa in Reign zone.
6:47 of 2nd period - Minor Penalty to Corey Tropp for Hooking.
6:48 of 2nd period - Radek Faksa wins face-off versus Pavel Zacha in Punishers zone.
6:53 of 2nd period - Slapshot by Ben Betker.
6:53 of 2nd period - Shot Misses the Net.
8:01 of 2nd period - Nick Suzuki is hit by Ben Meyers and loses puck.
8:42 of 2nd period - Penalty to Jakob Chychrun is over, Jakob Chychrun is back on ice.
8:47 of 2nd period - Penalty to Corey Tropp is over, Corey Tropp is back on ice.
8:54 of 2nd period - Snap shot by Oskar Lindblom.
8:54 of 2nd period - Stopped by Cayden Primeau with a rebound.
9:37 of 2nd period - Snap shot by Roope Hintz.
9:37 of 2nd period - Stopped by Daniel Altshuller with a rebound.
9:43 of 2nd period - Niko Mikkola is hit by Roope Hintz.
9:47 of 2nd period - Slapshot by Oskar Lindblom.
9:47 of 2nd period - Deflect By John Hayden.
9:47 of 2nd period - Goal by John Hayden - Reign : 2 - Punishers : 1.
9:48 of 2nd period - Joel Eriksson Ek wins face-off versus John Quenneville in neutral zone.
9:53 of 2nd period - Snap shot by Joel Eriksson Ek.
9:53 of 2nd period - Shot Blocked by Noah Juulsen.
9:55 of 2nd period - Slapshot by Henri Jokiharju.
9:55 of 2nd period - Deflect By Joel Eriksson Ek.
9:55 of 2nd period - Shot Misses the Net.
9:55 of 2nd period - Puck is out of play.
9:56 of 2nd period - Joel Eriksson Ek wins face-off versus John Quenneville in Punishers zone.
10:21 of 2nd period - Wrist shot by Carter Ashton.
10:21 of 2nd period - Shot Misses the Net.
10:23 of 2nd period - Minor Penalty to J.T. Brown for Interference.
10:24 of 2nd period - Radek Faksa wins face-off versus Joel Eriksson Ek in Reign zone.
10:49 of 2nd period - Ben Betker is hit by Nicolas Hague and loses puck.
11:06 of 2nd period - Slapshot by John Quenneville.
11:06 of 2nd period - Stopped by Cayden Primeau with a rebound.
12:23 of 2nd period - Penalty to J.T. Brown is over, J.T. Brown is back on ice.
12:27 of 2nd period - Icing by Carter Ashton.
12:28 of 2nd period - Kevin Roy wins face-off versus Nick Suzuki in Punishers zone.
12:41 of 2nd period - Snap shot by Nick Suzuki.
12:41 of 2nd period - Goal by Nick Suzuki - Reign : 3 - Punishers : 1.
12:42 of 2nd period - Radek Faksa wins face-off versus Pavel Zacha in neutral zone.
13:09 of 2nd period - Anton Blidh is hit by Jakob Chychrun and loses puck.
13:14 of 2nd period - Slapshot by Darroll Powe.
13:14 of 2nd period - Shot Blocked by Ben Betker.
13:24 of 2nd period - Thomas Chabot is hit by Ben Betker and loses puck.
13:53 of 2nd period - Snap shot by John Quenneville.
13:53 of 2nd period - Stopped by Cayden Primeau without a rebound.
13:54 of 2nd period - Pavel Zacha wins face-off versus Radek Faksa in Reign zone.
14:19 of 2nd period - Wrist shot by Nick Suzuki.
14:19 of 2nd period - Shot Misses the Net.
14:41 of 2nd period - Niko Mikkola is hit by Jason Robertson and loses puck.
15:00 of 2nd period - Pavel Zacha is hit by John Hayden and loses puck.
15:28 of 2nd period - Icing by Dylan Blujus.
15:29 of 2nd period - Darroll Powe wins face-off versus John Quenneville in Reign zone.
15:29 of 2nd period - Darroll Powe is hit by Anton Blidh.
16:37 of 2nd period - Slapshot by Kevin Roy.
16:37 of 2nd period - Deflect By Oskar Lindblom.
16:37 of 2nd period - Shot Misses the Net.
16:37 of 2nd period - Puck is out of play.
16:38 of 2nd period - Joel Eriksson Ek wins face-off versus Austen Brassard in Reign zone.
19:26 of 2nd period - Wrist shot by Thomas Chabot.
19:26 of 2nd period - Stopped by Daniel Altshuller with a rebound.
19:40 of 2nd period - Connor Clifton is hit by Nick Suzuki and loses puck.
Goals for this period are 2 for Reign vs 1 for Punishers.
Shots for this period are 7 for Reign vs 6 for Punishers.
3rd period
0:01 of 3rd period - Radek Faksa wins face-off versus Pavel Zacha in neutral zone.
0:04 of 3rd period - Jakob Chychrun is hit by Phillip Danault.
0:12 of 3rd period - Wrist shot by Phillip Danault.
0:12 of 3rd period - Shot Blocked by Jakob Chychrun.
0:14 of 3rd period - Slapshot by Phillip Danault.
0:14 of 3rd period - Shot Misses the Net.
0:16 of 3rd period - Snap shot by Ben Betker.
0:16 of 3rd period - Stopped by Cayden Primeau with a rebound.
0:26 of 3rd period - Carter Ashton is hit by Dylan Blujus and loses puck.
1:16 of 3rd period - Backhand shot by Corey Tropp.
1:16 of 3rd period - Stopped by Cayden Primeau with a rebound.
1:40 of 3rd period - Wrist shot by Darroll Powe.
1:40 of 3rd period - Stopped by Daniel Altshuller without a rebound.
1:41 of 3rd period - John Quenneville wins face-off versus Pavel Zacha in Punishers zone.
1:47 of 3rd period - Off-side.
1:48 of 3rd period - John Quenneville wins face-off versus Pavel Zacha in neutral zone.
2:00 of 3rd period - Wrist shot by John Quenneville.
2:00 of 3rd period - Stopped by Cayden Primeau with a rebound.
2:02 of 3rd period - Slapshot by John Hayden.
2:02 of 3rd period - Deflect By John Quenneville.
2:02 of 3rd period - Shot Blocked by Dylan Blujus.
2:02 of 3rd period - Puck is out of play.
2:03 of 3rd period - Joel Eriksson Ek wins face-off versus Radek Faksa in Reign zone.
2:08 of 3rd period - Slapshot by Dylan Blujus.
2:08 of 3rd period - Deflect By Corey Tropp.
2:08 of 3rd period - Stopped by Daniel Altshuller without a rebound.
2:09 of 3rd period - Joel Eriksson Ek wins face-off versus Radek Faksa in Punishers zone.
2:14 of 3rd period - Wrist shot by Jason Robertson.
2:14 of 3rd period - Stopped by Daniel Altshuller without a rebound.
2:15 of 3rd period - Pavel Zacha wins face-off versus Radek Faksa in Punishers zone.
2:15 of 3rd period - Jakob Chychrun is hit by Phillip Danault and loses puck.
2:49 of 3rd period - Tomas Jurco is hit by John Quenneville and loses puck.
3:43 of 3rd period - Snap shot by Matthew Tkachuk.
3:43 of 3rd period - Stopped by Daniel Altshuller without a rebound.
3:44 of 3rd period - Radek Faksa wins face-off versus Roope Hintz in Punishers zone.
3:55 of 3rd period - Wrist shot by Corey Tropp.
3:55 of 3rd period - Shot Blocked by Matthew Tkachuk.
3:57 of 3rd period - Slapshot by Noah Juulsen.
3:57 of 3rd period - Deflect By Corey Tropp.
3:57 of 3rd period - Stopped by Cayden Primeau without a rebound.
3:58 of 3rd period - Radek Faksa wins face-off versus Joel Eriksson Ek in Reign zone.
3:59 of 3rd period - Snap shot by Corey Tropp.
3:59 of 3rd period - Goal by Corey Tropp - Reign : 3 - Punishers : 2.
4:00 of 3rd period - Radek Faksa wins face-off versus Matthew Tkachuk in neutral zone.
4:27 of 3rd period - J.T. Brown is hit by John Quenneville.
4:31 of 3rd period - Snap shot by Thomas Chabot.
4:31 of 3rd period - Shot Misses the Net.
4:34 of 3rd period - Icing by John Quenneville.
4:35 of 3rd period - Anton Blidh wins face-off versus Nick Suzuki in Punishers zone.
4:44 of 3rd period - Snap shot by Carter Ashton.
4:44 of 3rd period - Shot Misses the Net.
4:46 of 3rd period - Slapshot by Ben Betker.
4:46 of 3rd period - Stopped by Cayden Primeau without a rebound.
4:47 of 3rd period - Pavel Zacha wins face-off versus Radek Faksa in Reign zone.
4:56 of 3rd period - Slapshot by Corey Tropp.
4:56 of 3rd period - Shot Misses the Net.
4:58 of 3rd period - Backhand shot by Connor Clifton.
4:58 of 3rd period - Shot Misses the Net.
5:00 of 3rd period - Wrist shot by Connor Clifton.
5:00 of 3rd period - Deflect By Radek Faksa.
5:00 of 3rd period - Stopped by Cayden Primeau with a rebound.
5:02 of 3rd period - Wrist shot by Radek Faksa.
5:02 of 3rd period - Deflect By Phillip Danault.
5:02 of 3rd period - Stopped by Cayden Primeau without a rebound.
5:03 of 3rd period - Joel Eriksson Ek wins face-off versus John Quenneville in Reign zone.
5:18 of 3rd period - John Quenneville is hit by J.T. Brown and loses puck.
5:40 of 3rd period - Minor Penalty to Corey Tropp for Holding.
5:41 of 3rd period - Radek Faksa wins face-off versus Nick Suzuki in Punishers zone.
5:53 of 3rd period - Slapshot by Thomas Chabot.
5:53 of 3rd period - Shot Blocked by Radek Faksa.
5:55 of 3rd period - Snap shot by Pavel Zacha.
5:55 of 3rd period - Goal by Pavel Zacha - Reign : 4 - Punishers : 2.
5:56 of 3rd period - Radek Faksa wins face-off versus Pavel Zacha in neutral zone.
6:07 of 3rd period - Snap shot by Corey Tropp.
6:07 of 3rd period - Shot Blocked by Charlie McAvoy.
6:09 of 3rd period - Slapshot by Radek Faksa.
6:09 of 3rd period - Stopped by Cayden Primeau without a rebound.
6:10 of 3rd period - Radek Faksa wins face-off versus Nick Suzuki in Reign zone.
6:13 of 3rd period - Wrist shot by Radek Faksa.
6:13 of 3rd period - Shot Misses the Net.
6:15 of 3rd period - Minor Penalty to Nick Suzuki for Tripping.
6:16 of 3rd period - Radek Faksa wins face-off versus Joel Eriksson Ek in Reign zone.
6:34 of 3rd period - Henri Jokiharju is hit by Corey Tropp and loses puck.
6:53 of 3rd period - Snap shot by Carter Ashton.
6:53 of 3rd period - Shot Blocked by Nicolas Hague.
6:55 of 3rd period - Slapshot by Noah Juulsen.
6:55 of 3rd period - Shot Blocked by Henri Jokiharju.
7:54 of 3rd period - Dylan Blujus is hit by Carter Ashton and loses puck.
8:13 of 3rd period - Carter Ashton is hit by Dylan Blujus and loses puck.
8:15 of 3rd period - Penalty to Nick Suzuki is over, Nick Suzuki is back on ice.
8:26 of 3rd period - Slapshot by Charlie McAvoy.
8:26 of 3rd period - Shot Misses the Net.
8:36 of 3rd period - Slapshot by Oskar Lindblom.
8:36 of 3rd period - Deflect By Austen Brassard.
8:36 of 3rd period - Shot Blocked by Charlie McAvoy.
8:36 of 3rd period - Puck is out of play.
8:37 of 3rd period - John Hayden wins face-off versus Darroll Powe in Reign zone.
8:48 of 3rd period - Snap shot by Christian Dvorak.
8:48 of 3rd period - Goal by Christian Dvorak - Reign : 5 - Punishers : 2.
8:48 of 3rd period - Louis Domingue enters game.
8:49 of 3rd period - Radek Faksa wins face-off versus Roope Hintz in neutral zone.
8:52 of 3rd period - Slapshot by Noah Juulsen.
8:52 of 3rd period - Stopped by Cayden Primeau without a rebound.
8:53 of 3rd period - Pavel Zacha wins face-off versus Phillip Danault in Reign zone.
9:02 of 3rd period - Roope Hintz is hit by Phillip Danault and loses puck.
9:07 of 3rd period - Snap shot by Radek Faksa.
9:07 of 3rd period - Deflect By Matthew Tkachuk.
9:07 of 3rd period - Goal by Radek Faksa - Reign : 5 - Punishers : 3.
9:08 of 3rd period - Radek Faksa wins face-off versus Pavel Zacha in neutral zone.
9:22 of 3rd period - Matthew Tkachuk is hit by Noah Juulsen and loses puck.
9:58 of 3rd period - Off-side.
9:59 of 3rd period - Joel Eriksson Ek wins face-off versus Kevin Roy in neutral zone.
10:24 of 3rd period - Noah Juulsen is hit by Dylan Blujus and loses puck.
10:28 of 3rd period - Icing by Noah Juulsen.
10:29 of 3rd period - Patrik Laine wins face-off versus Kevin Roy in Punishers zone.
10:44 of 3rd period - Snap shot by Christian Dvorak.
10:44 of 3rd period - Deflect By Darroll Powe.
10:44 of 3rd period - Shot Misses the Net.
10:44 of 3rd period - Puck is out of play.
10:45 of 3rd period - Pavel Zacha wins face-off versus Radek Faksa in Punishers zone.
11:17 of 3rd period - Wrist shot by Anton Blidh.
11:17 of 3rd period - Shot Blocked by Charlie McAvoy.
11:19 of 3rd period - Backhand shot by Carter Ashton.
11:19 of 3rd period - Shot Blocked by Charlie McAvoy.
11:21 of 3rd period - Slapshot by Fredrik Claesson.
11:21 of 3rd period - Shot Blocked by Jason Robertson.
11:41 of 3rd period - Snap shot by Nick Suzuki.
11:41 of 3rd period - Shot Misses the Net.
11:56 of 3rd period - Wrist shot by Oskar Lindblom.
11:56 of 3rd period - Shot Misses the Net.
11:58 of 3rd period - Snap shot by Kevin Roy.
11:58 of 3rd period - Stopped by Cayden Primeau with a rebound.
12:00 of 3rd period - Slapshot by Connor Clifton.
12:00 of 3rd period - Shot Misses the Net.
12:04 of 3rd period - Wrist shot by Oskar Lindblom.
12:04 of 3rd period - Shot Misses the Net.
12:20 of 3rd period - Snap shot by Corey Tropp.
12:20 of 3rd period - Stopped by Cayden Primeau without a rebound.
12:21 of 3rd period - Roope Hintz wins face-off versus Radek Faksa in Reign zone.
12:28 of 3rd period - Snap shot by Corey Tropp.
12:28 of 3rd period - Stopped by Cayden Primeau without a rebound.
12:29 of 3rd period - Pavel Zacha wins face-off versus Radek Faksa in Reign zone.
13:00 of 3rd period - Wrist shot by Roope Hintz.
13:00 of 3rd period - Shot Misses the Net.
13:30 of 3rd period - Wrist shot by Radek Faksa.
13:30 of 3rd period - Stopped by Cayden Primeau without a rebound.
13:31 of 3rd period - Joel Eriksson Ek wins face-off versus John Quenneville in Reign zone.
13:31 of 3rd period - Joel Eriksson Ek is hit by Connor Clifton.
14:01 of 3rd period - Slapshot by Dylan Blujus.
14:01 of 3rd period - Shot Blocked by Kevin Roy.
14:05 of 3rd period - Wrist shot by Nick Suzuki.
14:05 of 3rd period - Shot Misses the Net.
14:07 of 3rd period - Snap shot by Tomas Jurco.
14:07 of 3rd period - Stopped by Louis Domingue with a rebound.
14:09 of 3rd period - Snap shot by Nick Suzuki.
14:09 of 3rd period - Stopped by Louis Domingue with a rebound.
14:23 of 3rd period - Backhand shot by Thomas Chabot.
14:23 of 3rd period - Stopped by Louis Domingue with a rebound.
14:41 of 3rd period - Snap shot by Carter Ashton.
14:41 of 3rd period - Stopped by Cayden Primeau with a rebound.
15:26 of 3rd period - Roope Hintz is hit by Ben Betker and loses puck.
16:04 of 3rd period - Henri Jokiharju is hit by Ben Betker and loses puck.
16:23 of 3rd period - Minor Penalty to Tomas Jurco for Slashing.
16:24 of 3rd period - Radek Faksa wins face-off versus Joel Eriksson Ek in Reign zone.
16:37 of 3rd period - Charlie McAvoy is hit by Fredrik Claesson and loses puck.
17:31 of 3rd period - Icing by Ben Betker.
17:32 of 3rd period - John Quenneville wins face-off versus Darroll Powe in Punishers zone.
17:37 of 3rd period - Dylan Blujus is hit by Noah Juulsen and loses puck.
18:23 of 3rd period - Penalty to Tomas Jurco is over, Tomas Jurco is back on ice.
18:41 of 3rd period - Snap shot by Oskar Lindblom.
18:41 of 3rd period - Shot Blocked by Henri Jokiharju.
18:43 of 3rd period - Snap shot by Kevin Roy.
18:43 of 3rd period - Deflect By Austen Brassard.
18:43 of 3rd period - Shot Blocked by Nicolas Hague.
18:43 of 3rd period - Puck is out of play.
18:44 of 3rd period - John Quenneville wins face-off versus Pavel Zacha in Reign zone.
18:55 of 3rd period - Slapshot by Jakob Chychrun.
18:55 of 3rd period - Stopped by Louis Domingue without a rebound.
18:56 of 3rd period - Kevin Roy wins face-off versus Nick Suzuki in Punishers zone.
19:03 of 3rd period - Snap shot by Tomas Jurco.
19:03 of 3rd period - Stopped by Louis Domingue with a rebound.
19:05 of 3rd period - Snap shot by Dylan Blujus.
19:05 of 3rd period - Deflect By Nick Suzuki.
19:05 of 3rd period - Stopped by Louis Domingue with a rebound.
19:07 of 3rd period - Wrist shot by Josh Anderson.
19:07 of 3rd period - Shot Misses the Net.
19:09 of 3rd period - Snap shot by Tomas Jurco.
19:09 of 3rd period - Stopped by Louis Domingue with a rebound.
19:11 of 3rd period - Snap shot by Tomas Jurco.
19:11 of 3rd period - Deflect By Josh Anderson.
19:11 of 3rd period - Stopped by Louis Domingue without a rebound.
19:12 of 3rd period - Joel Eriksson Ek wins face-off versus John Hayden in Punishers zone.
19:22 of 3rd period - Minor Penalty to John Hayden for Roughing.
19:23 of 3rd period - Radek Faksa wins face-off versus Nick Suzuki in Punishers zone.
19:34 of 3rd period - Off-side.
19:35 of 3rd period - Nick Suzuki wins face-off versus Radek Faksa in neutral zone.
19:48 of 3rd period - Wrist shot by Nick Suzuki.
19:48 of 3rd period - Shot Misses the Net.
19:50 of 3rd period - Slapshot by Matthew Tkachuk.
19:50 of 3rd period - Stopped by Louis Domingue without a rebound.
19:51 of 3rd period - Radek Faksa wins face-off versus Roope Hintz in Punishers zone.
Goals for this period are 2 for Reign vs 2 for Punishers.
Shots for this period are 15 for Reign vs 16 for Punishers.